 Dungeon Crawl Stone Soup version 0.19.1-1-g22dce08 (webtiles) character file.

79 Alarkh the Chopper (level 4, 0/35 HPs)
             Began as a Demonspawn Monk on Jan 3, 2017.
             Slain by an ogre
             ... wielding a +0 giant spiked club
              (20 damage)
             ... on level 2 of the Dungeon.
             The game lasted 00:03:15 (1480 turns).

Alarkh the Chopper (Demonspawn Monk)                Turns: 1480, Time: 00:03:16

Health: 0/35       AC:  2    Str: 11    XL:     4   Next: 17%
Magic:  4/4        EV: 13    Int: 13    God:
Gold:   96         SH:  0    Dex: 15    Spells: 0 memorised, 3 levels left

rFire  . . .     SeeInvis +     a - +3 hand axe
rCold  . . .     Gourm    .     b - +0 robe
rNeg   . . .     Faith    .     (no shield)
rPois  .         Spirit   .     (helmet restricted)
rElec  .         Reflect  .     (no cloak)
rCorr  .         Harm     .     (no gloves)
MR     .....                    (no boots)
Stlth  ++........               (no amulet)
                                (no ring)
                                m - ring of see invisible

@: no status effects
A: horns 1, powered by death 1, spiny 1
a: no special abilities


You were on level 2 of the Dungeon.
You were hungry.

You visited 1 branch of the dungeon, and saw 3 of its levels.

You collected 96 gold pieces.

Inventory:

Hand Weapons
 a - a +3 hand axe (weapon)
Armour
 b - a +0 robe (worn)
Jewellery
 m - a ring of see invisible (left hand)
Scrolls
 e - a scroll of identify
 g - a scroll of noise {unknown}
 r - a scroll of immolation {unknown}
 s - a scroll of remove curse {unknown}
Potions
 h - 2 potions of heal wounds {unknown}
 i - a potion of might
 j - a potion of curing {unknown}
 k - a potion of lignification {unknown}
 n - a potion of cancellation {unknown}
 o - a potion of mutation {unknown}
 p - a potion of magic {unknown}
 q - 2 potions of beneficial mutation {unknown}
Comestibles
 c - 4 bread rations
 l - a beef jerky
 t - a meat ration


   Skills:
 - Level 3.0 Fighting
 + Level 4.5 Axes
 - Level 2.6 Dodging
 - Level 1.7 Stealth


You had 3 spell levels left.
You didn't know any spells.

Dungeon Overview and Level Annotations

Branches:
Dungeon (3/15)

Altars:


Innate Abilities, Weirdness & Mutations

You have a pair of small horns on your head.
You regenerate a little health from kills.
You are partially covered in sharp spines.


Message History

You are feeling hungry.
You start resting.
HP restored.
Okay, then.
You climb downwards.
The ogre hits you with a giant spiked club!
There is a stone staircase leading up here.
You hit the ogre.
The ogre is lightly wounded.
The ogre barely misses you.
You slash the ogre!
The ogre is heavily wounded.
The ogre hits you with a giant spiked club.
You slash the ogre!
The ogre is severely wounded.
You barely miss the ogre. Your headbutt misses the ogre.
The ogre is severely wounded.
The ogre hits you with a giant spiked club!!
Ouch! That really hurt!
You die...

#.# #######<#######(###.# #.#
#...............# #.# #.#
#.#####.######### #.# #####.###.#
#.# #.# .........>#####.# #.#
#............##.## ####.####
#.###............# #.......# #.#
#######..###.# #)#####.# #.# #..#
#@#######.# #.## #.### #..#
#O........# #... ....# ###..#
#########.# #.## ###.# #....#
#.#####... ###.# #.#..#
#########.......##
...######'######........########
...#.#.##.##.#.#.......#.########
....#.##...##.#.......#.##>(.....
................(....#.###.######


You could see an ogre.

Vanquished Creatures
  2 adders (D:2)
  3 oozes
  A worm (D:2)
  A leopard gecko (D:1)
  3 giant cockroaches
  2 goblins
  4 hobgoblins
  3 jackals (D:1)
  2 ball pythons (D:2)
  11 bats
  7 frilled lizards
  4 kobolds
  4 rats
47 creatures vanquished.

Notes
Turn   | Place    | Note
-------+----------+-------------------------------------------
     0 | D:1      | Alarkh the Demonspawn Monk began the quest for the Orb.
     0 | D:1      | Reached XP level 1. HP: 18/18 MP: 1/1
    95 | D:1      | Reached skill level 3 in Axes
   110 | D:1      | Gained mutation: You are partially covered in sharp spines. [demonic ancestry]
   110 | D:1      | Reached XP level 2. HP: 18/24 MP: 2/2
   496 | D:1      | Gained mutation: You regenerate a little health from kills. [demonic ancestry]
   496 | D:1      | Reached XP level 3. HP: 29/29 MP: 3/3
   665 | D:2      | Reached skill level 4 in Axes
   932 | D:2      | Gained mutation: You have a pair of small horns on your head. [demonic ancestry]
   932 | D:2      | Reached XP level 4. HP: 30/35 MP: 4/4
  1242 | D:3      | Noticed an ogre
  1480 | D:2      | Slain by an ogre

Skill      XL: |  1  2  3 |
---------------+----------+-----
Axes           | 3 4 |  4.5
Fighting       | |  3.0
Dodging        | |  2.6
Stealth        | |  1.7

Action                   |  1- 3 |  4- 6 || total
-------------------------+-------+-------++-------
Melee: Hand axe          |    69 |    15 ||    84
       Headbutt          |       |     3 ||     3
  Use: Scroll            |     3 |     2 ||     5
 Stab: Sleeping          |     4 |       ||     4
  Eat: Chunk             |       |     1 ||     1
Armor: Robe              |    10 |       ||    10
Dodge: Dodged            |    53 |     4 ||    57
